 Dungeon Crawl Stone Soup version 0.22-a0-322-g60b3cfd (webtiles) character file.

162 grindst0ne the Sneak (level 5, -11/33 HPs)
             Began as an Octopode Transmuter on Apr 5, 2018.
             Mangled by a gnoll
             ... wielding a +0 halberd of venom
              (15 damage)
             ... on level 3 of the Dungeon.
             The game lasted 00:03:51 (1416 turns).

grindst0ne the Sneak (Octopode Transmuter)          Turns: 1416, Time: 00:03:52

Health: -11/33     AC:  1    Str:  9    XL:     5   Next: 43%
Magic:  7/8        EV: 14    Int: 16    God:
Gold:   88         SH:  0    Dex: 13    Spells: 2/8 levels left

rFire    . . .     SeeInvis .   e - +0 dagger
rCold    . . .     Gourm    .   (no shield)
rNeg     . . .     Faith    .   (helmet restricted)
rPois    .         Spirit   .   k - amulet of magic regeneration
rElec    .         Reflect  .   (no ring)
rCorr    .         Harm     .   (no ring)
MR       .....                  (no ring)
Stlth    +++.......             (no ring)
HPRegen  0.11/turn              (no ring)
MPRegen  0.36/turn              (no ring)
                                (no ring)
                                (no ring)

@: no status effects
A: almost no armour, stealthy swim, amphibious, 8 rings, constrict 8, camouflage
1, gelatinous body 1
a: no special abilities


You were on level 3 of the Dungeon.
You were not hungry.

You visited 1 branch of the dungeon, and saw 3 of its levels.

You collected 88 gold pieces.

Inventory:

Hand Weapons
 e - a +0 dagger (weapon)
Missiles
 a - 26 arrows
Jewellery
 k - an amulet of magic regeneration (around mantle)
 t - an uncursed ring of see invisible {unknown}
Scrolls
 b - 4 scrolls of remove curse
 d - a scroll of fog {unknown}
 g - a scroll of amnesia {unknown}
 h - a scroll of immolation {unknown}
 l - 3 scrolls of identify
 m - 3 scrolls of teleportation {unknown}
 n - a scroll of blinking {unknown}
 o - a scroll of fear {unknown}
 r - a scroll of noise {unknown}
Potions
 f - a potion of haste {unknown}
 i - a potion of heal wounds {unknown}
 p - a potion of curing {unknown}
 q - a potion of might {unknown}
 s - a potion of degeneration {unknown}
 u - a potion of agility {unknown}
Comestibles
 c - 6 rations
 j - 5 chunks of flesh


   Skills:
 - Level 1.0 Fighting
 + Level 3.4 Dodging
 + Level 3.9 Stealth
 - Level 3.0 Unarmed Combat
 - Level 2.0 Spellcasting
 + Level 3.4 Transmutations
 + Level 0.5 Poison Magic


You had 2 spell levels left.
You knew the following spells:

 Your Spells              Type           Power        Failure   Level  Hunger
a - Beastly Appendage     Tmut           ##....       4%          1    #......
b - Sticks to Snakes      Tmut           ##......     8%          2    ###....
c - Spider Form           Tmut/Pois      #.........   26%         3    ###....


Dungeon Overview and Level Annotations

Branches:
Dungeon (3/15)

Altars:
Okawaru
Yredelemnul


Innate Abilities, Weirdness & Mutations

You cannot wear most types of armour.
You are very stealthy in the water. (Stealth+)
You are amphibious.
You can wear up to eight rings at the same time.
You can use your tentacles to constrict eight enemies at once.
Your skin changes colour to match your surroundings (Stealth+).
Your rubbery body absorbs attacks. (AC +1, EV +1)


Message History

The stone hits your ball python.
Your ball python dies!
The gnoll throws a stone.
The stone closely misses your ball python.
The stone hits you.
* * * LOW HITPOINT WARNING * * *
The gnoll zaps a wand.
You resist with some effort. The gnoll barely misses you.
Your ball python bites the gnoll.
Your ball python grabs the gnoll.
Your ball python constricts the gnoll.
The gnoll throws a stone.
The stone hits your ball python!
Your ball python dies!
You can move again.
An adder comes into view.
Okay, then.
As you read the scroll labeled KOUPYM NEFUF, it crumbles to dust.
It is a scroll of identify.
b - 4 scrolls of remove curse The gnoll zaps a wand.
You shrug off the repeated paralysis!
The gnoll hits you from afar with a halberd of venom!
You die...

#...........................
#...........................
............................
...............g..S.........
...............((.....$.....
...............(..g.........
................g...........
.................g..........
...............@............
....................รท.......
.........)..............?
........................
.......................
.......................
######################.


You could see 4 gnolls and an adder.

Vanquished Creatures
  A leopard gecko (D:2)
  5 bats
  2 goblins
  5 hobgoblins
  6 kobolds
  A quokka (D:3)
  A ball python (D:1)
  A frilled lizard (D:2)
  9 rats
  A spectral orc (D:2)
32 creatures vanquished.

Vanquished Creatures (collateral kills)
  Sigmund (D:2)
  An adder (D:3)
  A worm (D:2)
3 creatures vanquished.

Grand Total: 35 creatures vanquished

Notes
Turn   | Place    | Note
-------+----------+-------------------------------------------
     0 | D:1      | grindst0ne the Octopode Transmuter began the quest for the Orb.
     0 | D:1      | Reached XP level 1. HP: 13/13 MP: 3/3
     2 | D:1      | Noticed a felid
     2 | D:1      | Noticed a demigod
     4 | D:1      | Noticed an elf
     6 | D:1      | Noticed a demonspawn
     6 | D:1      | Noticed a vine stalker
     9 | D:1      | Noticed a merfolk
     9 | D:1      | Noticed a formicid
    11 | D:1      | Noticed a tengu
    11 | D:1      | Noticed an ogre
    13 | D:1      | Noticed a gargoyle
    13 | D:1      | Noticed a troll
    15 | D:1      | Noticed a minotaur
    15 | D:1      | Noticed an octopode
    17 | D:1      | Noticed a spriggan
    20 | D:1      | Noticed a human
    22 | D:1      | Noticed a dwarf
    24 | D:1      | Noticed a naga
    24 | D:1      | Noticed a halfling
    26 | D:1      | Noticed a ghoul
    26 | D:1      | Noticed a vampire
    29 | D:1      | Noticed a centaur
    29 | D:1      | Noticed a draconian
   236 | D:1      | Reached skill level 1 in Stealth
   310 | D:1      | Reached XP level 2. HP: 12/18 MP: 5/5
   314 | D:1      | Learned a level 2 spell: Sticks to Snakes
   519 | D:2      | Noticed Sigmund
   533 | D:2      | Killed Sigmund
   533 | D:2      | Reached XP level 3. HP: 14/23 MP: 4/6
   533 | D:2      | Reached XP level 4. HP: 17/28 MP: 4/7
   533 | D:2      | Reached XP level 5. HP: 20/33 MP: 4/8
   575 | D:2      | Learned a level 3 spell: Spider Form
   861 | D:2      | Found an iron altar of Okawaru.
  1143 | D:2      | Found a basalt altar of Yredelemnul.
  1410 | D:3      | Paralysed by a gnoll for 6 turns
  1416 | D:3      | Mangled by a gnoll

Vault maps used:
D:1:      kb_arrival_jail, kennysheep_boxes
D:2:      yredelemnul_forgotten_temple_becter, okawaru_gym_becter, uniq_sigmund
D:3:      first_ration

Skill      XL: |  1  2 |
---------------+-------+-----
Stealth        | 1 3 |  3.9
Dodging        | 3 |  3.4
Transmutations | 3 |  3.4
Fighting       | |  1.0
Unarmed Combat | |  3.0
Spellcasting   | |  2.0
Poison Magic   | |  0.5

Action                   |  1- 3 |  4- 6 || total
-------------------------+-------+-------++-------
Melee: Dagger            |    19 |    58 ||    77
       Constrict         |     6 |    13 ||    19
       Tentacles         |     5 |    11 ||    16
       Unarmed           |     2 |       ||     2
       Kick              |     1 |     2 ||     3
 Cast: Sticks to Snakes  |     2 |     5 ||     7
       Beastly Appendage |     1 |     2 ||     3
  Use: Potion            |     1 |       ||     1
       Scroll            |       |     1 ||     1
 Stab: Sleeping          |     2 |     8 ||    10
       Distracted        |       |     1 ||     1
  Eat: Chunk             |       |     2 ||     2
Armor: Skin              |     2 |     1 ||     3
Dodge: Dodged            |    16 |    28 ||    44

Table legend:
 A = Spawn XP
 B = Non-spawn XP
 C = Spawn XP percentage of total XP
 D = Spawn monster count
 E = Non-spawn monster count
 F = Spawn count percentage of total count
 G = Total turns spent on level
                    A         B        C        D         E        F      G
               +---------+---------+-------+---------+---------+-------+---------
         Total |       0 |     232 |   0.0 |       0 |      35 |   0.0 |  1416
               +---------+---------+-------+---------+---------+-------+---------
           D:1 |       0 |      11 |   0.0 |       0 |       8 |   0.0 |   472
           D:2 |       0 |     202 |   0.0 |       0 |      20 |   0.0 |   716
           D:3 |       0 |      19 |   0.0 |       0 |       7 |   0.0 |   228
               +---------+---------+-------+---------+---------+-------+---------
